Cogmind - Beta 14 @@@ ROGUE MODE // 2025.04.27 @ 22:13:42 Player: jumpy Result: Destroyed by G-34 Mercenary with Small Laser Performance ------------- Evolutions (1) 500 Regions Visited (2) 400 Robots Destroyed (35) 175 Value Destroyed (685) 685 Prototype IDs (0) 0 Alien Tech Used (0) 0 Bonus (29) 29 TOTAL SCORE: 1789 Bonus ------- High Alert Combat Kills 29 Cogmind --------- Core Integrity 0/400 Matter 300/300 Energy 60/100 System Corruption 0% Temperature Cool (84) Movement Core (250) Ox4 Location -9/Materials Parts ------- > --- POWER (1) -------- (None) > --- PROPULSION (4) --- (None) > --- UTILITY (2) ------ Medium Storage Unit Seismic Detector > --- WEAPON (2) ------- Medium Laser > --- INVENTORY (10) --- Light Ion Engine Wheel Wheel Small Storage Unit Seismic Detector Medium Laser Grenade Launcher Peak State ------------ > --- POWER ------------ Ion Engine > --- PROPULSION ------- Aluminum Leg Aluminum Leg Aluminum Leg Improved Aluminum Leg > --- UTILITY ---------- Small Storage Unit Seismic Detector > --- WEAPON ----------- Medium Laser Medium Laser > --- INVENTORY -------- Light Ion Engine Wheel Wheel Seismic Detector Medium Laser Grenade Launcher [Rating: 10] Favorites ----------- Power Ion Engine Engine Ion Engine Propulsion Aluminum Leg Leg Aluminum Leg Utility Small Storage Unit Device Seismic Detector Storage Small Storage Unit Weapon Medium Laser Energy Gun Medium Laser Ballistic Gun Light Assault Rifle Build | -11 -10 -9 ------- Run | Yrd Mat Mat Slots Evolved 2 | . . 2 Power . | . . . Propulsion 2 | . . 2 Utility . | . . . Weapon . | . . . Parts Attached 24 | 7 3 14 Power 3 | 1 . 2 Engine 3 | 1 . 2 Core . | . . . Reactor . | . . . Propulsion 6 | 2 . 4 Treads . | . . . Leg 6 | 2 . 4 Wheel . | . . . Hover . | . . . Flight . | . . . Utility 4 | 2 1 1 Device 2 | 1 1 . Storage 2 | 1 . 1 Processor . | . . . Hackware . | . . . Protection . | . . . Artifact . | . . . Weapon 11 | 2 2 7 Energy Gun 9 | 1 1 7 Energy Cannon . | . . . Ballistic Gun 2 | 1 1 . Ballistic Cannon . | . . . Launcher . | . . . Special Weapon . | . . . Impact Weapon . | . . . Slashing Weapon . | . . . Piercing Weapon . | . . . Special Melee Weapon . | . . . Unidentified Prototypes . | . . . Parts Lost 10 | . . 10 Power 2 | . . 2 Propulsion 5 | . . 5 Utility . | . . . Weapon 3 | . . 3 Highest Loss Streak 5 | . . 5 To Critical Strikes . | . . . Average Slot Usage (%) 86 | . 100 78 Engine 11 | . 14 10 Leg 26 | . 28 25 Device 12 | . 14 11 Storage 12 | . 14 11 Energy Gun 17 | . 14 19 Ballistic Gun 5 | . 14 . Peak Build Rating 10 | 7 7 10 Average Rating 7 | 5 7 7 On Entrance 4 | . 7 7 Naked Turns . | . . . Heaviest Build 17 | 13 14 17 Greatest Support 43 | 20 20 43 Greatest Overweight (x) 5 | . . 5 Average Overweight (x) . | . . . Largest Inventory Capacity 10 | 8 8 10 Average Capacity 7 | 7 8 8 Most Carried 8 | 4 6 8 Average Carried 5 | 2 5 5 Final Capacity 10 | 8 8 10 Final Carried 7 | 4 5 7 Class Distribution -------------------- 66% | Mutant 33% | Scavenger-Mutant Dominant Class ---------------- Mutant | -10/Materials Scavenger-Mutant | -9/Materials Resources | -11 -10 -9 ----------- Run | Yrd Mat Mat Matter Collected 472 | 243 67 162 Remotely . | . . . Salvage Created 982 | 73 134 775 Parts 60 | 10 3 47 Haulers Intercepted 3 | . . 3 Recyclers Shooed 1 | . 1 . Parts Field Recycled . | . . . Retrieved Matter . | . . . Parts Self-Destructed . | . . . Prevented . | . . . Kills | -11 -10 -9 ------- Run | Yrd Mat Mat Combat Hostiles Destroyed 24 | . 4 20 Guns 22 | . 4 18 Classes Destroyed 8 | 1 2 5 Worker 2 | . . 2 Tunneler 5 | 4 . 1 Hauler 3 | . . 3 Watcher 1 | . . 1 Swarmer 11 | . 2 9 Grunt 9 | . 2 7 Duelist 2 | . . 2 Sentry 2 | . . 2 Best Kill Streak 6 | 2 2 6 Combat Bots Only 5 | . 2 5 Max Kills in Single Turn 1 | 1 1 1 Gunslinging . | . . . Exploded . | . . . Melee . | . . . Uniques/NPCs Destroyed . | . . . Combat | -11 -10 -9 -------- Run | Yrd Mat Mat Hostile Shots Fired 171 | . 36 135 Missed 41 | . 8 33 Damage Taken 1747 | . 331 1416 Core 487 | . 78 409 Absorbed by Shields . | . . . Core Remaining (%) 84 | 100 68 . Volleys Fired 121 | 13 17 91 Largest 2 | 2 2 2 Hottest 130 | 60 60 130 Shots Fired 214 | 26 33 155 Gun 214 | 26 33 155 Cannon . | . . . Launcher . | . . . Special . | . . . Kinetic 30 | 13 17 . Thermal 184 | 13 16 155 Explosive . | . . . Electromagnetic . | . . . Robot Hit Streak 15 | 4 6 15 Robot Miss Streak 5 | 2 3 5 Penetration Max . | . . . Secondary Targets 1 | . 1 . Max Gunslinging Chain 1 | . 1 . Shots Hit Robots 133 | 15 19 99 Core Hits 56 | 6 8 42 Critical Kills . | . . . Critical Parts Destroyed . | . . . Critical Strikes 7 | . . 7 Burn 7 | . . 7 Melee Attacks . | . . . Impact . | . . . Slashing . | . . . Piercing . | . . . Sneak Attacks . | . . . Combat Hostiles . | . . . Follow-up Attacks . | . . . Damage Inflicted 1692 | 148 227 1317 Guns 1682 | 148 225 1309 Cannons . | . . . Explosions . | . . . Melee . | . . . Ramming 10 | . 2 8 Kinetic 150 | 58 92 . Thermal 1532 | 90 133 1309 Explosive . | . . . Electromagnetic . | . . . Impact . | . . . Slashing . | . . . Piercing . | . . . Highest Corruption . | . . . Average Corruption . | . . . Corruption Purged . | . . . Corruption Blocked . | . . . Overload Shots . | . . . Overflow Damage . | . . . Projectiles . | . . . Explosions . | . . . Melee . | . . . Knockbacks . | . . . Impact . | . . . Kinetic . | . . . Secondary . | . . . Self-Inflicted Damage . | . . . Shots . | . . . Rammed . | . . . Targets Rammed 2 | . 1 1 Kicked 2 | . 1 1 Crushed . | . . . Highest Temperature 321 | 40 206 321 Average Temperature 118 | 18 103 130 Received Heat Transfer 546 | . 126 420 Effects 6 | . . 6 Energy Bleed 2 | . . 2 Interference 3 | . . 3 Matter Decay 1 | . . 1 Siege Activations . | . . . Robots Corrupted . | . . . Combat Hostiles . | . . . Parts Fried . | . . . Impact Corruptions . | . . . Robots Melted 2 | . . 2 Combat Hostiles 2 | . . 2 Parts Melted 13 | . . 13 Heat Transferred 4660 | 200 300 4160 Parts Sabotaged . | . . . Parts Stolen . | . . . Parts Stripped . | . . . Power Chain Reactions . | . . . Alert | -11 -10 -9 ------- Run | Yrd Mat Mat Peak Influence 534 | 20 150 534 Initial 63 | . 13 63 Average 157 | 6 120 210 Maximum Alert Level 2 | . . 2 Low Security (%) 72 | 100 100 52 Level 1 18 | . . 32 Level 2 8 | . . 15 Level 3 . | . . . Level 4 . | . . . Level 5 . | . . . High Security . | . . . Max Security . | . . . Squads Dispatched 1 | . . 1 Investigation . | . . . Extermination . | . . . Reinforcement 1 | . . 1 Assault . | . . . Garrison . | . . . Intercept . | . . . Searches Triggered . | . . . Construction Impeded . | . . . Haulers Reinforced . | . . . Active Scanning Responses . | . . . Cargo Convoy Interrupts . | . . . Stealth | -11 -10 -9 --------- Run | Yrd Mat Mat Distress Signals 3 | . . 3 Communications Jammed . | . . . Distress Signals . | . . . Times Spotted 49 | . 10 39 Peak Tracking Total 7 | . 4 7 Tactical Retreats 4 | . . 4 Traps | -11 -10 -9 ------- Run | Yrd Mat Mat Traps Triggered . | . . . Indirectly . | . . . Trap Hack Attempts . | . . . Triggered . | . . . Disarmed . | . . . Reprogrammed . | . . . Reused . | . . . Traps Extracted . | . . . Installed . | . . . Triggered . | . . . Machines | -11 -10 -9 ---------- Run | Yrd Mat Mat Machines Disabled . | . . . Max in Single Turn . | . . . Machines Repaired . | . . . Machines Dismantled . | . . . Machines Sabotaged . | . . . Overloaded Fab Kills . | . . . Hacking | -11 -10 -9 --------- Run | Yrd Mat Mat Machines Accessed 1 | . 1 . Terminals 1 | . 1 . Fabricators . | . . . Repair Stations . | . . . Recycling Units . | . . . Scanalyzers . | . . . Garrison Access . | . . . Total Hacks 2 | . 2 . Successful 1 | . 1 . Failed . | . . . Catastrophic . | . . . Database Lockouts 1 | . 1 . Manual 5 | . 5 . Terminals 2 | . 2 . Fabricators . | . . . Repair Stations . | . . . Recycling Units . | . . . Scanalyzers . | . . . Garrison Access . | . . . Terminal Hacks 1 | . 1 . Robot Schematic 1 | . 1 . Fabricator Hacks . | . . . Repair Station Hacks . | . . . Recycling Unit Hacks . | . . . Scanalyzer . | . . . Garrison Access Hacks . | . . . Unauthorized Hacks . | . . . Terminals . | . . . Fabricators . | . . . Repair Stations . | . . . Recycling Units . | . . . Scanalyzers . | . . . Garrison Access . | . . . Data Cores Recovered . | . . . Used . | . . . Hacking Detections . | . . . Full Trace Events . | . . . Feedback Events . | . . . Feedback Blocked . | . . . Robot Schematics Acquired 1 | . 1 . Robots Built . | . . . Authchips . | . . . Time . | . . . Total Robot Build Rating . | . . . Part Schematics Acquired . | . . . Parts Built . | . . . Authchips . | . . . Time . | . . . Total Part Build Rating . | . . . Parts Repaired . | . . . Time . | . . . Parts Recycled . | . . . Recycled Matter . | . . . Retrieved Matter . | . . . Retrieved Components . | . . . Parts Scanalyzed . | . . . Part Schematics Acquired . | . . . Parts Damaged . | . . . Bothacking | -11 -10 -9 ------------ Run | Yrd Mat Mat Used RIF Installer . | . . . Robots Hacked . | . . . Non-combat . | . . . Combat . | . . . Robot Hacks Applied . | . . . Relay Couplers Released . | . . . Fabnet Peak Effective % . | . . . Robots Rewired . | . . . Allies Hacked . | . . . Hacks Repelled . | . . . Allies | -11 -10 -9 -------- Run | Yrd Mat Mat Total Allies . | . . . Largest Group . | . . . Highest-Rated Group . | . . . Highest-Rated Ally . | . . . Total Orders . | . . . Ally Attacks . | . . . Total Damage . | . . . Kills . | . . . Allies Corrupted . | . . . Allies Melted . | . . . Intel | -11 -10 -9 ------- Run | Yrd Mat Mat Robot Analysis Total . | . . . Derelict Logs Recovered . | . . . Drone Launches . | . . . Drone Recoveries . | . . . Exploration | -11 -10 -9 ------------- Run | Yrd Mat Mat Turns Passed 1233 | 152 384 697 Spaces Moved 623 | 89 267 267 Core 27 | 7 . 20 Treads . | . . . Legs 596 | 82 267 247 Wheels . | . . . Hover . | . . . Flight . | . . . Fastest Speed 50 | 50 120 120 Average Speed 125 | 114 120 134 Slowest Speed 300 | 120 120 300 Overloaded Moves . | . . . Propulsion Burnouts . | . . . Robots Hopped . | . . . Cave-ins Triggered . | . . . Exploration Rate (%) 22 | 4 40 22 Regions Visited 2 Branch Regions . Pre-discovered Areas . | . . . Known Exits Taken . | . . . Unknown Exits Taken 2 | 1 1 . Scrap Searched . | . . . Spaces Dug . | . . . Terrain Destroyed . | . . . Melee . | . . . Projectile . | . . . AOE . | . . . Terrain Rammed . | . . . Walls Destroyed . | . . . Machines Disabled . | . . . Actions | -11 -10 -9 --------- Run | Yrd Mat Mat Total 863 | 112 301 450 Wait 69 | . 7 62 Move 621 | 88 266 267 Hop . | . . . Pick Up 14 | 4 3 7 Fast Attach 12 | 7 . 5 Attach 2 | . . 2 Detach . | . . . Swap 10 | . 3 7 Drop 12 | . 4 8 Fire 121 | 13 17 91 Melee . | . . . Ram . | . . . Kick 2 | . 1 1 Crush . | . . . Escape Stasis . | . . . Rewire . | . . . Trap . | . . . Miscellaneous . | . . . Route ------- -11/Scrapyard -10/Materials -9/Materials History --------- Turn | Location | Event 4 | -11/Scrapyard | Discovered new exit (range 15) 153 | -11/Scrapyard | Entered Materials 300 | -10/Materials | Build established: Mutant 410 | -10/Materials | Discovered new exit (range 4) 517 | -10/Materials | Central database locked down 537 | -10/Materials | Entered another Materials area 537 | -9/Materials | Evolved 2 slots: Propulsion x2 674 | -9/Materials | Core integrity fell below 50% 1072 | -9/Materials | Core integrity fell below 20% 1110 | -9/Materials | Build established: Scavenger-Mutant 1234 | -9/Materials | Destroyed by G-34 Mercenary with Small Laser Last Messages --------------- 01185_ R-06 Scavenger collects Flight Unit. 01191_ W-16 Scout sends out distress signal. 01200_ Aluminum Leg destroyed. 01202_ A-02 Transporter destroyed. 01205_ G-34 Mercenary suffers critical hit (Burn). 01209_ Aluminum Leg destroyed. 01211_ Ion Engine destroyed. 01215_ G-34 Mercenary overheating. 01216_ G-34 Mercenary heat spikes uncontrollably. 01216_ G-34 Mercenary overheating. 01220_ Kicked G-34 Mercenary. 01221_ G-34 Mercenary heat damages Ion Engine. 01221_ G-34 Mercenary destroyed. 01226_ K-01 Serf collects debris. 01227_ Imp. Aluminum Leg severed. 01229_ Med. Laser destroyed. 01231_ K-01 Serf collects debris. 01232_ Aluminum Leg destroyed. 01234_ L-31 Rogue destroyed. 01234_ K-01 Serf collects debris. Map ----- +----------------------------------------------------+ | ?????????????????????????????????????????????????? | | ?????????????????????????????????????????????????? | | ?????????????????????????????????????????????????? | | ?????????????????????????????????????????????????? | | ?????????????????????????????????????????????????? | | ?????????????????????????????????????????????????? | | ?????????????????????????????????????????????????? | | ?????????????????????????????????????????????????? | | ?????????????????????????????????????????????????? | | ?????????????????????????????????????????????????? | | ?????????????????????????????????????????????????? | | ????#/#??????????????????????????????????????????? | | ????# #??????????????????????????????????????????? | | ????# #??????????????????????????????????????????? | | ????# ###????????????????????????????????????????? | | ????# ## ########????????????????????????????????? | | ????# ## #????????????????????????????????? | | ##### ## !![ #????????????????????????????????? | | ## ## ![[ #????????????????????????????????? | | # # ![ #????????????????????????????????? | | # # #????????????????????????????????? | | # # #????????????????????????????????? | | + # % #????????????????????????????????? | | # # [==[* #????????????????????????????????? | | #### # [=%![= #????#######+###?????????????????? | | # #####/######### %@[!! #?????????????????? | | # =[*=%*% %+ %*g!/ #?????????????????? | | " # ![=%![######## k a[! #?????????????????? | | "" # =[%!=%#??????# #?????????????????? | | "" + ###+####??????###########?????????????????? | | "" # # !%! #??????????????????????????????????? | | " # # [[ #??????????????????????????????????? | | # # """ #??????????????????????????????????? | | # # """ #??????????????????????????????????? | | #### #[ """ #??????????????????????????????????? | | ???# # #??????????????????????????????????? | | ???+ # """ #??????????????????????????????????? | | ???# # """ #??????????????????????????????????? | | ???# # ""? #??????????????????????????????????? | | #### # ?? #??????????????????????????????????? | | + ??????????????????????????????????????? | | # ??????????????????????????????????????? | | ####??????????????????????????????????????? | | ##### ##?????????????????????????????????????????? | | ##### #####?? ???????????????????????????????????? | | ####/#"""## ???????????????????????????????????? | | # " ???????????????????????????????????? | | # = " ?"??????????????????????????????????? | | # # "??????????????????????????????????? | | # + ???????????????????????????????????? | +----------------------------------------------------+ Best States ------------- Heat Dissipation 28 Energy Generation 10 Energy Capacity 250 Matter Stores 300 Matter Capacity 300 Sight Range 16 Terrain Scan Density 10 Evasion (%) 55 Item Schematics ----------------- None Robot Schematics ------------------ G-34 Mercenary | -10/Materials | Hacked Fabricated ------------ Nothing Alien Tech Used ----------------- None Achievements -------------- None Challenges ------------ None Game ------ Seed MediumMolecularLattice Manual? 0 Play Time 00:15:26 Cumulative 55.6 hours Start 2025.04.27 @ 21:59:16 End 2025.04.27 @ 22:13:42 Sessions 1 Manual Loads 0 Difficulty Rogue Special Mode None Game No. 164 Rogue 164 Adventurer 0 Explorer 0 Win Type - Total 0 Types 0/0/0/0/0/0/0/0/0 Lore% 15 Gallery% 39 Achievement% 32 Wizard Run 0 Options --------- Layout 0 ASCII 0 Keyboard 0 Movement Numpad Keybinds 0 Fullscreen 2 Font 18/Terminus Map View 76x50 Zoom Use 0% Tactical HUD 1 Map Filters NONE Filters NONE Steam 1 RUN: 42d57444-a60f-48ed-be50-19fe88746728